 Dungeon Crawl Stone Soup version 0.17-a0-1567-gdd419b1 (console) character file.

10 FIQ the Ruffian (level 2, 29/29 HPs)
             Began as a Troll Monk on July 22, 2015.
             Got out of the dungeon alive.
             The game lasted 00:01:17 (151 turns).

FIQ the Ruffian (Troll Monk)                         Turns: 151, Time: 00:01:17

Health: 29/29      AC:  5    Str: 18    XL:     2   Next: 10%
Magic:  1/1        EV: 10    Int:  6    God:
Gold:   35         SH:  0    Dex: 12    Spells: 0 memorised, 1 level left

rFire  . . .     SeeInvis .       - Unarmed
rCold  . . .     Clarity  .     a - +0 robe
rNeg   . . .     SustAt   .     (no shield)
rPois  .         Gourm    +     (helmet restricted)
rElec  .         Spirit   .     (no cloak)
rCorr  .         Warding  .     (gloves unavailable)
rMut   .         Rnd*Tele +     (boots unavailable)
MR     +....                    (no amulet)
Stlth  +.........               (no ring)
                                d - ring of protection from magic

@: somewhat resistant to hostile enchantments, very unstealthy
A: unfitting armour, claws 3, deterioration 1, fast metabolism 3, gourmand,
regeneration 2, shaggy fur 1, teleportitis 1, tough skin 2, MP-powered wands
a: no special abilities


You escaped.
You were not hungry.

You visited 1 branch of the dungeon, and saw 1 of its levels.

You collected 35 gold pieces.

Inventory:

Armour
 a - a +0 robe (worn)
Jewellery
 d - a ring of protection from magic (left claw)
Scrolls
 e - a scroll of remove curse
Comestibles
 b - 2 bread rations
 c - 2 fruits
 f - a slice of pizza
 g - 5 chunks of flesh
 h - a meat ration
 i - a beef jerky


   Skills:
 + Level 2.6 Fighting
 + Level 2.5 Dodging
 - Level 1.1 Stealth
 + Level 4.2 Unarmed Combat


You had one spell level left.
You didn't know any spells.

Dungeon Overview and Level Annotations

Branches:
Dungeon (1/15)

Altars:


Innate Abilities, Weirdness & Mutations

You are too large for most types of armour.
You have claws for hands.
Your metabolism is lightning-fast.
You like to eat raw meat.
You heal very quickly.
You are covered in fur (AC +1).
You have very tough skin (AC +2).
Your body sometimes deteriorates upon taking damage.
You are occasionally teleported to nearby monsters.
You expend magic power (3 MP) to strengthen your wands.


Message History

Found a robe.
i - a beef jerky
j - a yellow potion Drink which item? (? for menu, Esc to quit)
It was a potion of mutation.
You feel extremely strange.
You feel weirdly uncertain.
You feel yourself wasting away.
You feel your magical essence link to your wands.
Found a ring mail.
Found a stone staircase leading down.
e - 2 scrolls labeled DIACKA ZEZXAOZXE (gained 1) Read which item? (? for menu, Esc to quit)
As you read the scroll labeled DIACKA ZEZXAOZXE, it crumbles to dust.
You feel blessed for a moment.
It was a scroll of remove curse.
(D) Dungeon
Where to? (? - help)
What level of the Dungeon? (default 1, ? - help)
You see here a robe.
You see here a ring mail.
There is a staircase leading out of the dungeon here.
Are you sure you want to leave the Dungeon?
This will make you lose the game!
You have escaped!

########.......#.#.##......#
#..........#.....###..##...#
#.##.......###.#....[###...# #
#..#.#..# #....>[#####.##
###.##..).#..###.##..........
........#........##.#.........
#.......#..#.#.##...#####.#.#
####...........##.#.# #.#..
#####..P...P...#.# #...#
#............# #.
##...@...#...# #..............
#.P...P.#.####.#
##......#....... ###......###
####.### ####.#### #....)>.#
#.##.##.# # #.# # #..


There were no monsters in sight!

Vanquished Creatures
  4 hobgoblins (D:1)
  A jackal (D:1)
  A kobold (D:1)
  A bat (D:1)
  2 goblins (D:1)
9 creatures vanquished.

Notes
Turn   | Place    | Note
--------------------------------------------------------------
     0 | D:1      | FIQ the Troll Monk began the quest for the Orb.
     0 | D:1      | Reached XP level 1. HP: 22/22 MP: 0/0
    78 | D:1      | Reached XP level 2. HP: 23/29 MP: 1/1
   122 | D:1      | Gained mutation: You are occasionally teleported to nearby monsters. [potion of mutation]
   122 | D:1      | Gained mutation: Your body sometimes deteriorates upon taking damage. [potion of mutation]
   122 | D:1      | Gained mutation: You expend magic power (3 MP) to strengthen your wands. [potion of mutation]
   151 | D:$      | Got out of the dungeon alive.

Vault maps used:
D:1:      dpeg_arrival_orchard, minmay_bisected

Action                   || total
-------------------------++-------
Melee: Unarmed           ||    25
  Use: Scroll            ||     2
       Potion            ||     2
